Map: King's Cove LE

Players

SourSpinach

  • Race: Protoss Protoss
  • League: Master
  • Spawn Location: 11:00

Katfish - Winner!

  • Race: Protoss Protoss
  • League: Diamond
  • Spawn Location: 5:00

VOD

Have the link to the VOD?

Description

Time

  • Played on: May 2, 2019, 11:07 p.m.
  • Length: 10:42
Show
View Real Time Build Order
Export as new Build Order

SourSpinach Protoss 

Build Orders:  

Get SALT Encoding   

  12  0:00  Probe  
  13  0:13  Probe  
  14  0:18  Pylon  
  14  0:24  Probe  
  15  0:32  Probe  
  15  0:40  Probe, Gateway  
  17  0:50  Assimilator  
  17  0:52  Probe  
  18  1:02  Assimilator  
  18  1:13  Forge  
  18  1:18  Zealot, Pylon  
  20  1:46  Photon Cannon  
  20  1:53  Pylon  
  20  1:57  Cybernetics Core  
  20  2:01  Probe  
  21  2:11  Photon Cannon  
  21  2:19  Pylon  
  21  2:36  Photon Cannon  
  21  2:38  Photon Cannon  
  21  2:50  Pylon  
  21  3:09  Photon Cannon  
  21  3:14  Photon Cannon  
  21  3:21  Photon Cannon  
  21  3:23  Warp Gate  
  21  3:27  Robotics Facility  
  21  3:34  Probe  
  22  3:47  Shield Battery  
  22  3:52  Shield Battery  
  22  3:54  Probe  
  22  4:02  Probe  
  23  4:04  Immortal  
  28  4:19  Shield Battery  
  28  4:23  Pylon  
  21  5:25  Nexus  
  21  5:39  Pylon  
  16  6:38  Stargate  
  16  6:47  Assimilator  
  16  7:01  Probe  
  17  7:13  Phoenix  
  17  7:19  Probe  
  20  7:27  Probe  
  20  7:31  Phoenix  
  21  7:37  Probe  
  21  7:42  Probe  
  25  7:48  Probe  
  26  7:51  Phoenix  
  26  7:57  Probe  
  28  8:05  Probe  
  30  8:13  Gateway  
  30  8:14  Probe  
  30  8:17  Pylon  
  31  8:22  Phoenix  
  33  8:39  Probe  
  34  8:48  Phoenix  
  36  8:56  Pylon  
  31  9:04  Phoenix  
  29  9:12  Cybernetics Core  
  29  9:28  Phoenix  
  31  9:52  Phoenix  
  33  10:02  Probe  
Show
View Real Time Build Order
Export as new Build Order

Katfish Protoss - Winner!

Build Orders:  

Get SALT Encoding   

  1  0:00  Probe  
  12  0:05  Probe  
  14  0:18  Pylon  
  14  0:22  Probe  
  15  0:36  Probe  
  15  0:38  Forge  
  16  1:03  Pylon  
  16  1:05  Probe  
  16  1:11  Pylon  
  17  1:12  Pylon  
  17  1:15  Pylon  
  17  1:26  Photon Cannon  
  17  1:31  Gateway  
  17  1:32  Pylon  
  17  1:52  Probe  
  17  2:00  Probe  
  17  2:02  Assimilator  
  17  2:06  Assimilator  
  18  2:14  Photon Cannon  
  18  2:20  Cybernetics Core  
  18  2:22  Probe  
  19  2:25  Pylon  
  19  2:29  Zealot  
  21  2:34  Probe  
  22  2:47  Photon Cannon  
  22  2:53  Photon Cannon  
  22  2:57  Probe  
  21  3:09  Probe  
  21  3:10  Stargate  
  22  3:20  Pylon  
  22  3:24  Probe  
  23  3:37  Probe  
  24  3:46  Pylon  
  24  3:53  Void Ray  
  28  4:02  Shield Battery  
  28  4:14  Nexus  
  28  4:24  Shield Battery  
  28  4:28  Pylon  
  28  4:38  Probe  
  29  4:47  Void Ray  
  27  5:42  Probe  
  28  5:53  Probe  
  29  6:00  Probe  
  30  6:05  Pylon  
  30  6:06  Gateway  
  30  6:08  Gateway  
  30  6:10  Assimilator  
  30  6:13  Assimilator  
  30  6:17  Warp Gate  
  30  6:18  Probe x2  
  32  6:26  Gateway  
  32  6:30  Probe  
  33  6:37  Probe  
  34  6:40  Void Ray  
  34  6:42  Probe  
  34  6:46  Gateway  
  35  6:49  Probe  
  40  7:02  Probe  
  40  7:04  Probe  
  42  7:10  Probe  
  43  7:16  Probe  
  43  7:21  Probe  
  44  7:28  Forge  
  45  7:33  Probe  
  46  7:38  Void Ray  
  50  7:54  Probe x2  
  52  8:01  Photon Cannon  
  52  8:05  Photon Cannon  
  52  8:21  Probe x2  
  52  8:24  Stalker x3  
  60  8:42  Probe x2  
  62  8:51  Stalker x2  
  62  8:52  Stalker x2  
  66  9:15  Pylon  
  66  9:19  Stalker x2  
  66  9:20  Stalker x2, Photon Cannon  
  66  9:22  Shield Battery  
  74  9:27  Probe x2  
  76  9:31  Shield Battery  
  70  9:49  Stalker x4  
  70  9:56  Photon Cannon  
  68  10:00  Probe x2  
  64  10:13  Probe x2  
  65  10:15  Stalker  
  65  10:16  Stalker  
  65  10:18  Stalker  
  72  10:21  Probe x2  
  74  10:31  Photon Cannon  
Tags
 
Add a new tag
Caveats
  • Supply blocks, unpowered buildings, or Contaminate may cause inaccurate times.
  • Supply counts are checked every 10 seconds.